 Dungeon Crawl Stone Soup version 0.24-a0-439-g6dd8730de2 (webtiles) character file.

Game seed: 12650591536405895246

26142 Gargoyl the Cleaver (level 12, -3/101 HPs)
             Began as a Centaur Abyssal Knight on June 17, 2019.
             Was an Elder of Lugonu.
             Slain by Rupert
             ... wielding a +2 executioner's axe of draining
              (27 damage)
             ... on level 3 of the Lair of Beasts on June 18, 2019.
             The game lasted 00:32:45 (20393 turns).

Gargoyl the Cleaver (Centaur Abyssal Knight)       Turns: 20393, Time: 00:32:46

Health: -3/101     AC: 20    Str: 24    XL:     12   Next: 95%
Magic:  4/19       EV: 17    Int: 11    God:    Lugonu [****..]
Gold:   1089       SH:  0    Dex: 18    Spells: 11/11 levels left

rFire    . . .     SeeInvis .   E - +6 battleaxe (flame)
rCold    . . .     Gourm    .   (shield currently unavailable)
rNeg     + . .     Faith    .   B - quicksilver dragon scales
rPois    .         Spirit   .   v - +1 helmet
rElec    .         Reflect  .   F - +0 cloak
rCorr    .         Harm     .   d - +1 pair of gloves {Str+3}
MR       +....                  (no barding)
Stlth    ++........             (no amulet)
HPRegen  0.26/turn              m - ring of positive energy
MPRegen  0.16/turn              y - +5 ring of protection

@: mighty, agile, heavily drained, very quick
A: large, hooves 3, deformed body, speed 2, tough skin 3
a: Depart the Abyss, Bend Space, Banish, Corrupt, Renounce Religion


You were on level 3 of the Lair of Beasts.
You worshipped Lugonu.
Lugonu was greatly pleased with you.
You were not hungry.

You visited 2 branches of the dungeon, and saw 15 of its levels.
You visited the Abyss 2 times.

You collected 1089 gold pieces.

Inventory:

Hand Weapons
 a - a +3 hand axe
 E - a +6 battleaxe of flaming (weapon)
 K - a +0 hand axe of venom
Missiles
 o - 17 boomerangs (quivered)
Armour
 d - a +1 pair of gloves of strength (worn)
 v - a +1 helmet (worn)
 B - quicksilver dragon scales (worn)
 F - a +0 cloak (worn)
Jewellery
 b - a +3 ring of strength
 m - a ring of positive energy (left hand)
 u - an uncursed ring of see invisible
 w - the amulet of Pulott {+Rage rF++ rC- Int+2 SInv}
   (You found it on level 5 of the Dungeon)

   [amulet of rage]

   It affects your intelligence (+2).
   It greatly protects you from fire.
   It makes you vulnerable to cold.
   It lets you see invisible.
   It lets you go berserk.
 y - a +5 ring of protection (right hand)
 z - an uncursed ring of protection from magic {unknown}
 J - an uncursed ring of protection from fire {unknown}
Wands
 g - a wand of disintegration (9)
 j - a wand of polymorph (19)
 p - a wand of enslavement (14)
 q - a wand of random effects (14)
 x - a wand of acid (4)
 C - a wand of paralysis (4)
Scrolls
 f - 2 scrolls of fog
 k - a scroll of teleportation
 n - 11 scrolls of remove curse
 t - 3 scrolls of magic mapping
 A - 2 scrolls of blinking
 D - a scroll of identify
 G - 3 scrolls of fear
Potions
 h - a potion of curing
 i - 4 potions of brilliance
 r - 2 potions of flight
 s - a potion of invisibility
 H - a potion of ambrosia
Comestibles
 c - 22 rations
 I - 3 chunks of flesh


   Skills:
 + Level 8.1(5.7) Fighting
 + Level 11.1(8.6) Axes
 + Level 1.8(0.0) Throwing
 * Level 8.2(5.8) Armour
 * Level 7.8(5.5) Dodging
 * Level 10.0(7.5) Invocations
 + Level 1.0(0.0) Evocations


You had 11 spell levels left.
You didn't know any spells.
Your spell library contained the following spells:

 Spells                   Type           Power        Failure   Level  Hunger
 Sandblast                Erth           #.....       45%         1    ##.....
 Passwall                 Tmut/Erth      #.......     61%         2    ###....
 Poisonous Vapours        Pois/Air       #.....       61%         2    ###....
 Conjure Flame            Conj/Fire      #.......     83%         3    ####...
 Mephitic Cloud           Conj/Pois/Air  #.......     83%         3    ####...
 Recall                   Summ/Tloc      N/A          83%         3    ####...
 Stone Arrow              Conj/Erth      #.....       83%         3    ####...
 Animate Dead             Necr           N/A          99%         4    #####..
 Petrify                  Tmut/Erth      #.......     99%         4    #####..
 Borgnjor's Vile Clutch   Necr/Erth      #.........   100%        5    ######.
 Lee's Rapid Deconstruct  Erth           #.........   100%        5    ######.
 Death Channel            Necr           #.........   100%        6    #######
 Freezing Cloud           Conj/Ice/Air   #.........   100%        6    #######
 Simulacrum               Ice/Necr       #.........   100%        6    #######
 Ring of Flames           Chrm/Fire      #.........   100%        7    #######


Dungeon Overview and Level Annotations

Branches:
Dungeon (11/15)            Temple (0/1) D:4            Lair (4/6) D:11
 Shoals (0/4) Lair:2        Snake (0/4) Lair:3          Orc (0/2) D:10

Altars:
Cheibriados
Gozag
Kikubaaqudgha
Ru

Shops:
D:7 :   D:9 *

Annotations:
D:11 Grum
Lair:3 Rupert


Innate Abilities, Weirdness & Mutations

You have hooves in place of feet.
Armour fits poorly on your strangely shaped body.
You cover ground very quickly.
You have extremely tough skin. (AC +3)


Message History

Rupert is heavily wounded.
Rupert hits you with a +2 executioner's axe of draining.
* * * LOW HITPOINT WARNING * * *
You partially resist.
You feel drained.
* * * LOW HITPOINT WARNING * * *
Unknown command.
You feel very mighty all of a sudden.
You feel agile all of a sudden. Rupert roars wildly at you.
You resist with some effort.
Okay, then.
You slash Rupert! You burn Rupert.
Rupert is severely wounded.
Rupert hits you but does no damage. You partially resist.
You feel drained.
You slash Rupert! You burn Rupert.
Rupert is severely wounded.
You slash Rupert! You kick Rupert, but do no damage.
Rupert is severely wounded.
Rupert hits you with a +2 executioner's axe of draining!!
You die...

#......##...##...##...........#..
#..##..##..###....##..#........#.
[................###..##.......##
#...#............###.[#...##....#
#.......P..####...........##..###
...##...#..# #...........#...# #
...##..#...# #..###......#...###
...##...#..## #..###......##..##P
............###.@.#........#..###
...#....#..###..@.#....P..#...###
...#....#..####..###...#...#...#.
#..##..##..P##....#.............#
...##......###....##..##......##.
#...#...#..# ##..###..##...#..###
#..##...#..# #...###..#...##..#..
...##...#..###...#.#..P...#...###
.................................


You could see Rupert.

Vanquished Creatures
  Harold (D:8)
  4 hydras (Lair:2)
  A two-headed ogre (D:10)
  2 orc sorcerers (D:10)
  A manticore (Lair:2)
  2 black mambas (Lair:1)
  An elephant (Lair:2)
  3 spiny frogs
  2 rime drakes
  A komodo dragon (Lair:1)
  4 trolls
  2 queen bees
  9 blink frogs
  8 hippogriffs
  A spriggan (D:7)
  3 wyverns
  Sigmund (D:2)
  A shadow (D:8)
  2 hungry ghosts
  5 basilisks
  Menkaure (D:6)
  8 yaks
  Edmund (D:6)
  2 nagas (Lair:3)
  7 water moccasins
  Duvessa (D:6)
  4 porcupines
  An orc warrior (D:8)
  3 ice beasts
  3 sky beasts
  An eye of draining (D:8)
  4 phantoms
  2 wolves
  An ogre (D:7)
  6 centaurs
  6 big kobolds
  7 crocodiles
  7 bullfrogs
  2 wyvern zombies
  Dowan (D:6)
  6 scorpions
  67 killer bees
  2 electric eels (D:11)
  2 howler monkeys (D:8)
  A bullfrog zombie (D:10)
  6 crimson imps
  2 bullfrog skeletons
  10 hounds
  2 orc wizards
  4 jellies
  2 orc priests
  Jessica (D:2)
  An iguana (D:11)
  A hell rat (Lair:2)
  12 worker ants
  3 killer bee zombies
  A worker ant zombie (D:5)
  Robin (D:2)
  3 gnolls (D:3)
  14 adders
  A shadow imp (D:10)
  3 oozes
  2 adder zombies
  An adder skeleton (D:7)
  2 worms (D:2)
  3 dart slugs
  4 leopard geckos
  19 orcs
  10 bats
  5 giant cockroaches
  13 goblins
  7 hobgoblins
  9 jackals
  28 kobolds
  7 quokkas
  A ball python (D:3)
  3 frilled lizards
  A leopard gecko skeleton (D:7)
  4 rats
  A plant (Lair:2)
387 creatures vanquished.

Vanquished Creatures (others)
  A hydra (D:11)
  An unseen horror (D:10)
  A hornet (D:9)
  A killer bee (D:7)
  3 electric eels (D:11)
  3 fungi
  7 plants
17 creatures vanquished.

Grand Total: 404 creatures vanquished

Notes
Turn   | Place    | Note
-------+----------+-------------------------------------------
     0 | Abyss:1  | Gargoyl the Centaur Abyssal Knight began the quest for the
                  | Orb.
     0 | Abyss:1  | Reached XP level 1. HP: 19/19 MP: 2/2
    45 | Abyss:2  | Noticed an ancient zyme
    60 | Abyss:2  | Noticed an ancient zyme
    71 | Abyss:2  | Noticed a wraith
    83 | Abyss:2  | Noticed a small abomination
    99 | Abyss:2  | Noticed a smoke demon
    99 | Abyss:2  | Noticed a thrashing horror
   101 | D:1      | Escaped the Abyss
   476 | D:1      | Reached * piety under Lugonu
   555 | D:1      | Reached XP level 2. HP: 26/26 MP: 3/3
   860 | D:1      | Reached skill level 2 in Axes
  1051 | D:1      | Reached skill level 1 in Dodging
  1118 | D:2      | Reached XP level 3. HP: 31/31 MP: 4/4
  1356 | D:2      | Reached XP level 4. HP: 40/40 MP: 5/5
  1402 | D:2      | Noticed Jessica
  1411 | D:2      | Killed Jessica
  1521 | D:2      | Reached ** piety under Lugonu
  1521 | D:2      | Noticed Robin
  1535 | D:2      | Killed Robin
  1842 | D:2      | Reached XP level 5. HP: 42/46 MP: 7/7
  2145 | D:2      | Noticed Sigmund
  2186 | D:2      | HP: 2/69 [something/magic dart (10)]
  2191 | D:2      | Killed Sigmund
  2191 | D:2      | Reached skill level 3 in Axes
  2191 | D:2      | Reached XP level 6. HP: 3/52 MP: 8/8
  3338 | D:3      | Found a snail-covered altar of Cheibriados.
  3747 | D:4      | Reached XP level 7. HP: 42/59 MP: 9/9
  4089 | D:4      | Found a staircase to the Ecumenical Temple.
  4332 | D:4      | Reached skill level 4 in Axes
  4394 | D:4      | Reached *** piety under Lugonu
  4552 | D:5      | Entered Level 5 of the Dungeon
  4582 | D:5      | Got a wavering brass amulet
  4583 | D:5      | Identified the amulet of Pulott {+Rage rF++ rC- Int+2 SInv}
                  | (You found it on level 5 of the Dungeon)
  4928 | D:5      | Found an ancient bone altar of Kikubaaqudgha.
  5129 | D:6      | Reached XP level 8. HP: 43/67 MP: 11/11
  5513 | D:6      | Noticed Menkaure
  5525 | D:6      | Killed Menkaure
  5731 | D:6      | Noticed Edmund
  5747 | D:6      | Killed Edmund
  5750 | D:6      | Noticed Duvessa
  5764 | D:6      | Killed Duvessa
  5764 | D:6      | Reached skill level 5 in Axes
  5799 | D:6      | Noticed Dowan
  5810 | D:6      | Killed Dowan
  5821 | D:6      | Found a sacrificial altar of Ru.
  6011 | D:6      | Reached skill level 5 in Invocations
  6340 | D:7      | Reached **** piety under Lugonu
  6499 | D:7      | Reached skill level 5 in Armour
  6627 | D:7      | Found Ikles's Book Boutique.
  6636 | D:8      | Noticed Harold
  6644 | D:8      | Killed Harold
  6644 | D:8      | Reached skill level 5 in Fighting
  6644 | D:8      | Reached skill level 6 in Axes
  6645 | D:8      | Reached XP level 9. HP: 73/74 MP: 11/13
  6878 | D:8      | You fall into a shaft and drop 3 floors!
  6879 | D:11     | Noticed a five-headed hydra
  6890 | D:11     | Banished a six-headed hydra
  6908 | D:11     | Noticed Grum
  6936 | D:11     | Noticed a purple ugly thing
  6948 | D:11     | Noticed a four-headed hydra
  6950 | D:10     | Entered Level 10 of the Dungeon
  7275 | D:9      | Found an opulent altar of Gozag.
  7346 | D:9      | Found Goukh's General Store.
  7403 | D:9      | Reached skill level 7 in Axes
  7489 | D:9      | Reached XP level 10. HP: 39/83 MP: 14/14
  8509 | D:9      | Reached skill level 1 in Throwing
  9473 | D:8      | Reached skill level 8 in Axes
  9479 | D:8      | Reached skill level 5 in Dodging
  9484 | D:8      | Reached ***** piety under Lugonu
 10178 | D:10     | Found a staircase to the Orcish Mines.
 10684 | D:10     | Banished an unseen horror
 10684 | D:10     | Reached XP level 11. HP: 51/91 MP: 16/16
 11117 | D:10     | Noticed an orc sorcerer
 11118 | D:10     | Noticed an orc sorcerer
 11121 | D:10     | Noticed a soul eater
 11166 | D:10     | Killed an orc sorcerer
 11168 | D:10     | Killed an orc sorcerer
 11821 | D:11     | Reached skill level 9 in Axes
 11826 | D:11     | Noticed a two-headed ogre
 12120 | D:10     | Killed a two-headed ogre
 12378 | D:10     | Upgraded the game from 0.24-a0-434-gd57e52fea8 to
                  | 0.24-a0-439-g6dd8730de2
 12393 | D:10     | Reached skill level 1 in Evocations
 12458 | D:11     | Found a staircase to the Lair.
 12786 | Lair:1   | Entered Level 1 of the Lair of Beasts
 13482 | Lair:1   | Escaped the Abyss
 13483 | Lair:1   | HP: 3/92 [blink frog (7)]
 13889 | Lair:1   | HP: 4/92 [killer bee (5)]
 15623 | Lair:2   | Reached XP level 12. HP: 94/100 MP: 18/18
 15637 | Lair:2   | Noticed a four-headed hydra
 15646 | Lair:2   | Killed a one-headed hydra
 15738 | Lair:2   | Noticed a four-headed hydra
 15747 | Lair:2   | Killed a one-headed hydra
 15747 | Lair:2   | Reached skill level 10 in Axes
 15862 | Lair:2   | Found a staircase to the Shoals.
 16033 | Lair:2   | Noticed a five-headed hydra
 16040 | Lair:2   | Killed a two-headed hydra
 18559 | Lair:2   | Found the +3 hat of Pondering {ponderous, MR+ MP+10 Int+5}
 19165 | Lair:3   | Found a staircase to the Snake Pit.
 19169 | Lair:3   | Reached skill level 11 in Axes
 19263 | Lair:3   | Noticed an eight-headed hydra
 19274 | Lair:2   | Killed a three-headed hydra
 19573 | Lair:3   | Reached skill level 10 in Invocations
 19836 | Lair:3   | Got a translucent scale mail
 19848 | Lair:3   | Identified the +3 scale mail of Music {+Blink MR++ Int+2
                  | Dex-4} (You found it on level 3 of the Lair of Beasts)
 20210 | Lair:4   | Noticed Rupert
 20393 | Lair:3   | Slain by Rupert

Levels and vault maps discovered:
D:1:      lemuel_arrival_funnel, layout_loops_ring
D:2:      layout_loops_ring, grunt_ministairs_11, serial_bayou_crossing,
          uniq_robin, uniq_jessica, uniq_sigmund
D:3:      layout_loops_corners, first_ration, kennysheep_slug_shrine
D:4:      layout_cave_pools, minmay_temple_entry_arrows, serial_column_ruins,
          column_ruins_hut_pillars, column_ruins_grid_4,
          column_ruins_columns_dead_end, column_ruins_open_tiny,
          column_ruins_grid_3, column_ruins_open_medium, grunt_ministairs_3
D:5:      layout_rooms, kennysheep_mini_moat, item_on_display_a
D:6:      layout_rooms, nicolae_ru_great_annihilating_truth,
          kennysheep_big_empty_room, minmay_unpleasant_kobolds, uniq_duvessa,
          uniq_edmund, uniq_menkaure
D:7:      layout_rooms, serial_shops, nicolae_shop_stone, the_bakery
D:8:      cheibrodos_barr_body, layout_cave_pools, uniq_harold
D:9:      layout_basic, serial_shops, nicolae_shop_stone,
          grunt_gozag_breadcrumbs
D:10:     cheibrodos_wizards_tower, layout_long_grid, orc_0_dummy
D:11:     layout_cave_pools, erik_lair_island, uniq_grum
Lair:1:   layout_layer_cave, special_room [special_room_bee]
Lair:2:   regret_index_wax_grids, layout_regular_city,
          minmay_shoals_entry_centaurs
Lair:3:   layout_long_grid, guppyfry_snake_entry_garden
Lair:4:   layout_misc_corridors, minmay_holes, nicolae_lair_grove_arrangements,
          grunt_megastairs_1, lemuel_fruit_tree, serial_bayou_shore_a,
          minmay_lair_oklob_chamber, uniq_rupert

Skill      XL: |  1  2  3  4  5  6  7  8  9 10 11 12 |
---------------+-------------------------------------+-----
Axes           | 2 3 4 6 7 8 9 11 | 11.1
Dodging        | 1 2 3 4 5 6 7 |  7.8
Armour         | 2 3 5 6 7 8 |  8.2
Invocations    | 3 4 5 6 7 8 10 | 10.0
Fighting       | 4 5 6 7 8 |  8.1
Throwing       | 1 |  1.8
Evocations     | 1 |  1.0

Action                   |  1- 3 |  4- 6 |  7- 9 | 10-12 || total
-------------------------+-------+-------+-------+-------++-------
Melee: Hand axe          |    88 |   148 |   316 |   201 ||   753
       Kick              |    15 |    30 |    76 |   200 ||   321
       Unarmed           |       |       |     9 |       ||     9
       Battleaxe         |       |       |       |   564 ||   564
Throw: Boomerang         |       |       |     7 |    27 ||    34
Invok: Depart the Abyss  |     1 |       |       |     1 ||     2
       Banish            |       |       |     1 |    12 ||    13
       Bend Space        |       |       |       |     6 ||     6
       Enter the Abyss   |       |       |       |     1 ||     1
Evoke: Wand              |       |       |     5 |     3 ||     8
  Use: Scroll            |     4 |     5 |    13 |    11 ||    33
       Potion            |       |     3 |     2 |    17 ||    22
 Stab: Confused          |       |       |     1 |       ||     1
       Invisible         |       |       |       |     2 ||     2
       Distracted        |       |       |       |     1 ||     1
  Eat: Chunk             |     1 |     2 |     7 |    27 ||    37
       Ration            |       |     1 |     1 |     8 ||    10
Armor: Leather armour    |    45 |    56 |       |       ||   101
       Skin              |       |    11 |       |       ||    11
       Chain mail        |       |    24 |   192 |       ||   216
       Ring mail         |       |    10 |       |       ||    10
       Quicksilver drago |       |       |    83 |   735 ||   818
Dodge: Dodged            |    45 |    85 |   154 |   728 ||  1012

Table legend:
 A = Non-vault XP
 B = Vault XP
 C = Vault XP percentage of total XP
 D = Non-vault monster count
 E = Vault monster count
 F = Vault count percentage of total count
                 A         B        C        D         E       F
            +---------+---------+-------+---------+---------+-------
      Total |   23533 |   13813 |  37.0 |     266 |     127 |  32.3
            +---------+---------+-------+---------+---------+-------
        D:1 |      37 |       0 |   0.0 |      18 |       0 |   0.0
        D:2 |      95 |     305 |  76.2 |      26 |      12 |  31.6
        D:3 |     230 |       4 |   1.7 |      21 |       1 |   4.5
        D:4 |     429 |      36 |   7.7 |      16 |       2 |  11.1
        D:5 |     229 |       0 |   0.0 |       9 |       0 |   0.0
        D:6 |     163 |     826 |  83.5 |      12 |      14 |  53.8
        D:7 |     981 |     224 |  18.6 |      25 |       1 |   3.8
        D:8 |     765 |    1595 |  67.6 |      20 |      11 |  35.5
        D:9 |    2094 |       0 |   0.0 |      23 |       0 |   0.0
       D:10 |    4343 |    1263 |  22.5 |      38 |       3 |   7.3
       D:11 |    2131 |     617 |  22.5 |      17 |       6 |  26.1
     Lair:1 |    3233 |    1866 |  36.6 |      12 |      26 |  68.4
     Lair:2 |    4954 |    6748 |  57.7 |      10 |      49 |  83.1
     Lair:3 |    3849 |     329 |   7.9 |      19 |       2 |   9.5
            +---------+---------+-------+---------+---------+-------
